 Dungeon Crawl Stone Soup version 0.27-a0-46-g34d46f0a3f (webtiles) character file.

Game seed: 1025462347027615095

2462 Borgoz the Slasher (level 9, -4/61 (64) HPs)
             Began as a Halfling Fighter on Jan 6, 2021.
             Was a Follower of Ashenzari.
             Killed from afar by an orc sorcerer (27 damage)
             ... with a bolt of negative energy
             ... on level 7 of the Dungeon.
             The game lasted 00:11:58 (8885 turns).

Borgoz the Slasher (Halfling Fighter)               Turns: 8885, Time: 00:11:59

HP:   -4/61 (64)    AC: 16    Str: 17    XL:     9   Next: 79%
MP:   9/9           EV: 10    Int:  6    God:    Ashenzari [*.....]
Gold: 306           SH: 11    Dex: 17    Spells: 8/8 levels left

rFire    + + .     SeeInvis .   a - +1 long sword (curse)
rCold    . . .     Faith    .   c - +0 kite shield
rNeg     . . .     Spirit   .   t - +2 ring mail of Epefay {rF++} (curse)
rPois    .         Reflect  .   q - +1 helmet (curse)
rElec    .         Harm     .   k - +0 cloak {Stlth+}
rCorr    .         Rampage  .   e - +1 pair of gloves
Will     .....                  s - +1 pair of boots
Stlth    ++........             (no amulet)
HPRegen  0.20/turn              m - ring of stealth
MPRegen  0.11/turn              (no ring)

@: lightly drained
A: small, mutation resistance 1
a: Renounce Religion, Curse Item, Scrying


You were on level 7 of the Dungeon.
You worshipped Ashenzari.
Ashenzari was aware of your devotion.
You visited 2 branches of the dungeon, and saw 8 of its levels.
You also visited: Sewer and Ossuary.

You collected 306 gold pieces.

Inventory:

Hand Weapons
 a - a cursed +1 long sword (weapon)
 b - a +2 dagger of venom
Armour
 c - a +0 kite shield (worn)
 e - a +1 pair of gloves (worn)
 k - a +0 cloak of stealth (worn)
 q - a cursed +1 helmet (worn)
 s - a +1 pair of boots (worn)
 t - the cursed +2 ring mail of Epefay (worn) {rF++}
   (You found it on level 6 of the Dungeon)

   It greatly protects you from fire.
   It has a curse placed upon it.
Jewellery
 m - a ring of stealth (left hand)
Wands
 y - a wand of paralysis (7)
Scrolls
 f - 3 scrolls of enchant weapon
 g - 3 scrolls of remove curse
 h - 2 scrolls of fog
 i - 3 scrolls of magic mapping
 n - 4 scrolls of teleportation
 x - a scroll of blinking
Potions
 d - 3 potions of flight
 j - 2 potions of magic
 l - a potion of resistance
 p - a potion of haste
 r - 4 potions of brilliance
 u - 2 potions of heal wounds {unknown}
 w - a potion of mutation {unknown}
 z - a potion of experience {unknown}
 A - a potion of degeneration {unknown}


   Skills:
 * Level 7.2 Fighting
 * Level 7.5 Long Blades
 + Level 6.5 Armour
 + Level 6.5 Shields


You had 8 spell levels left.
You didn't know any spells.
Your spell library was empty.

Dungeon Overview and Level Annotations

Branches:
Dungeon (7/15)             Temple (1/1) D:6           Sewer (visited)
Ossuary (visited)

Altars:
Ashenzari
Cheibriados
Dithmenos
Elyvilon
Fedhas
Hepliaklqana
Kikubaaqudgha
Makhleb
Nemelex Xobeh
Okawaru
Qazlal
Ru
Trog
Uskayaw
Vehumet
Xom
Yredelemnul
The Shining One


Innate Abilities, Weirdness & Mutations

You are small and have problems with some larger weapons.
You are somewhat resistant to further mutation.


Message History

The bolt of fire hits you. You resist.
You hit the orc sorcerer but do no damage.
The orc sorcerer barely misses you.
You hit the orc sorcerer.
The orc sorcerer is lightly wounded.
The orc sorcerer hits you but does no damage.
Your ring mail of Epefay prevents you from hitting the orc sorcerer.
The orc sorcerer is lightly wounded.
The orc sorcerer hits you but does no damage.
You hit the orc sorcerer but do no damage.
The orc sorcerer is lightly wounded.
The orc sorcerer hits you but does no damage.
You closely miss the orc sorcerer.
The orc sorcerer is lightly wounded.
You block the orc sorcerer's attack.
You hit the orc sorcerer but do no damage.
The orc sorcerer is lightly wounded.
The orc sorcerer gestures at you while chanting.
The bolt of negative energy hits you!!
You feel drained.
You die...

##.# #..
##.#.##>#
##)###.#.#
#.###)## #..#
#....##
##.###.# #
#####.##
##......# ##
##.###.#.#####
##. ##.#.##.#
##.# ##.###@#
#.## #.# #o#
##.# #.#


#yy ##. #.# .Z≈≈ ## #.# [≈≈## # #.##.≈## # #.##.≈# # #....≈. # # You could see
an orc sorcerer, 2 killer bees and a killer bee zombie.

Vanquished Creatures
  Grinder (D:4)
  2 sky beasts
  A black bear (D:7)
  An ice beast (D:6)
  2 ogres
  A centaur (D:7)
  3 bullfrogs
  3 elf skeletons (D:7)
  A wyvern zombie (D:6)
  A killer bee (D:7)
  3 howler monkeys (D:7)
  A hound (D:4)
  A centaur skeleton (D:5)
  3 orc priests
  A gnoll shaman (D:7)
  3 orc wizards (D:6)
  4 iguanas
  2 human skeletons (D:7)
  6 worker ants
  13 mummies (Ossuary)
  Robin (D:4)
  4 gnolls (D:7)
  8 adders
  8 river rats (Sewer)
  A shadow imp (D:5)
  A white imp (D:6)
  An adder skeleton (D:6)
  A worm (D:6)
  3 dart slugs
  8 leopard geckos
  17 orcs
  5 ball pythons
  8 giant cockroaches
  9 goblins
  7 hobgoblins
  8 jackals
  A quokka (D:5)
  7 bats
  9 frilled lizards
  A giant cockroach zombie (D:6)
  3 gnoll skeletons (Ossuary)
  A goblin skeleton (Ossuary)
  3 kobolds
  A kobold skeleton (Ossuary)
  A leopard gecko skeleton (D:4)
  A leopard gecko zombie (D:6)
  4 orc skeletons
  8 rats
  11 rat skeletons (Ossuary)
194 creatures vanquished.

Notes
Turn   | Place    | Note
-------+----------+-------------------------------------------
     0 | D:1      | Borgoz the Halfling Fighter began the quest for the Orb.
     0 | D:1      | Reached XP level 1. HP: 15/15 MP: 1/1
   214 | D:1      | Reached XP level 2. HP: 20/20 MP: 2/2
   570 | D:1      | HP: 1/21 [poisoned by a goblin]
   579 | D:1      | Reached XP level 3. HP: 1/26 MP: 3/3
  1833 | D:2      | Found a sparkling altar of Nemelex Xobeh.
  1981 | D:2      | You fall into a shaft and drop 2 floors!
  1981 | D:4      | Noticed Grinder
  1985 | D:4      | Noticed an ogre
  2016 | D:4      | Killed an ogre
  2017 | D:4      | Reached XP level 4. HP: 20/32 MP: 4/4
  2017 | D:4      | Reached XP level 5. HP: 23/36 MP: 5/5
  2023 | D:4      | Paralysed by Grinder for 4 turns
  2040 | D:4      | Paralysed by Grinder for 7 turns
  2043 | D:4      | HP: 1/54 [Grinder (4)]
  2048 | D:4      | Killed Grinder
  2049 | D:4      | Reached XP level 6. HP: 1/43 MP: 6/6
  2481 | D:4      | Reached XP level 7. HP: 41/49 MP: 7/7
  2681 | D:4      | Noticed Robin
  2702 | D:4      | Killed Robin
  3247 | D:3      | Found a glowing drain.
  3263 | Sewer    | Entered a sewer
  4149 | D:3      | Found a broken altar of Ashenzari.
  4162 | D:3      | Became a worshipper of Ashenzari the Shackled
  4991 | D:5      | Entered Level 5 of the Dungeon
  5270 | D:5      | Reached skill level 5 in Fighting
  5270 | D:5      | Reached skill level 5 in Long Blades
  5275 | D:5      | Reached skill level 5 in Shields
  5275 | D:5      | Reached XP level 8. HP: 42/55 MP: 8/8
  5420 | D:5      | Reached skill level 5 in Armour
  5704 | D:6      | Found a bloodstained altar of Trog.
  5750 | D:6      | Identified the +2 ring mail of Epefay {rF++}
  5933 | D:6      | Found a snail-covered altar of Cheibriados.
  6900 | D:6      | Found a stormy altar of Qazlal.
  6903 | D:6      | Found an ancient bone altar of Kikubaaqudgha.
  6910 | D:6      | Found a basalt altar of Yredelemnul.
  7091 | D:6      | Found a hazy altar of Hepliaklqana.
  7122 | D:6      | Found a staircase to the Ecumenical Temple.
  7164 | D:6      | Reached XP level 9. HP: 58/62 MP: 9/9
  7252 | Temple   | Entered the Ecumenical Temple
  8003 | D:7      | Found a sand-covered staircase.
  8080 | Ossuary  | Entered an ossuary
  8157 | Ossuary  | Reached * piety under Ashenzari
  8874 | D:7      | Noticed an orc sorcerer
  8885 | D:7      | Killed from afar by an orc sorcerer

Illustrated notes

Levels and vault maps discovered:
D:1:      saegor_arrival_simple_b, layout_loops_ring
D:2:      layout_basic, nemelex_xobeh_ov_fountains_minmay
D:3:      layout_loops_ring, ashenzari_altar_1, gup_sewer_entry_pipe
D:4:      layout_basic, uniq_grinder, uniq_robin
D:5:      layout_loops_cross, hangedman_decor_riveting
D:6:      layout_loops_ring, cheibrodos_worm_habitat,
          grunt_temple_overflow_open, nzn_hepliaklqana_mist_gate,
          minmay_temple_entry_butterflies, basic_altar, minmay_fractal_squares_5
D:7:      cheibrodos_wizards_tower, layout_loops_ring,
          nzn_overflow_gifts_of_might_and_magic,
          pdpol_wu_jian_five_deadly_venoms, nicolae_ossuary_entry_catacombs,
          amcnicky_altar_gilded
Temple:   chequers_temple_sunken

Skill      XL: |  1  2  3  4  5  6  7  8  9 |
---------------+----------------------------+-----
Fighting       | 3 4 5 6 7 |  7.2
Long Blades    | 3 4 5 6 7 |  7.5
Armour         | 4 5 6 |  6.5
Shields        | 4 5 6 |  6.5

Action                   |  1- 3 |  4- 6 |  7- 9 || total
-------------------------+-------+-------+-------++-------
Melee: Long sword        |   118 |    31 |   764 ||   913
Invok: Curse Item        |       |       |     4 ||     4
  Use: Potion            |     8 |     2 |     8 ||    18
       Scroll            |       |       |    17 ||    17
 Stab: Distracted        |     1 |       |       ||     1
       Sleeping          |       |       |    10 ||    10
Armor: Scale mail        |    49 |    20 |   160 ||   229
       Skin              |       |     5 |       ||     5
       Ring mail         |       |       |   144 ||   144
Dodge: Dodged            |    36 |    12 |   247 ||   295
Block: Kite shield       |    67 |     6 |   368 ||   441
       Rpst.: Long sword |    12 |     2 |    81 ||    95

Table legend: (Time is in decaauts)
 A = Elapsed time spent in this place.
 B = Non-inter-level travel time spent in this place.
 C = Inter-level travel time spent in this place.
 D = Time resting spent in this place.
 E = Time spent auto-exploring this place.
 F = Levels seen in this place.
 G = Mean time per level.
                   A        B        C        D        E       F      G
               +--------+--------+--------+--------+--------+-----+--------+
         Total |   9165 |   8676 |    489 |   1583 |   5151 |  10 |  916.5 |
       Dungeon |   7663 |   7182 |    481 |   1583 |   4084 |   7 | 1094.7 |
        Temple |    232 |    225 |      7 |      0 |    224 |   1 |  232.0 |
         Sewer |    680 |    680 |      0 |      0 |    443 |   1 |  680.0 |
       Ossuary |    588 |    588 |      0 |      0 |    399 |   1 |  588.0 |
               +--------+--------+--------+--------+--------+-----+--------+

Top non-repeatable levels by time:
     D:6: 2079 daAuts
     D:1: 1304 daAuts
     D:4: 1178 daAuts
     D:2: 996 daAuts
     D:3: 962 daAuts
     D:5: 724 daAuts
   Sewer: 680 daAuts
 Ossuary: 588 daAuts
     D:7: 417 daAuts
  Temple: 232 daAuts
